 Dungeon Crawl Stone Soup version 0.21-a0-171-g0f4a3b6 (webtiles) character file.

655 namelastname112 the Ruffian (level 7, -5/58 HPs)
             Began as a White Draconian Wanderer on Aug 7, 2017.
             Slain by a gnoll
             ... wielding a +0 spear
              (8 damage)
             ... on level 5 of the Dungeon.
             The game lasted 00:04:26 (5122 turns).

namelastname112 the Ruffian (DrWn)                  Turns: 5122, Time: 00:04:27

Health: -5/58      AC:  6    Str: 13    XL:     7   Next: 29%
Magic:  10/10      EV: 18    Int: 14    God:
Gold:   237        SH:  0    Dex: 17    Spells: 8/11 levels left

rFire    . . .     SeeInvis .   a - +2 spear
rCold    + . .     Gourm    .   (no shield)
rNeg     + . .     Faith    .   (armour unavailable)
rPois    .         Spirit   .   (helmet restricted)
rElec    .         Reflect  .   (no cloak)
rCorr    .         Harm     .   (no gloves)
MR       +....                  (no boots)
Stlth    +++.......             (no amulet)
HPRegen  0.19/turn              D - ring of protection from magic
MPRegen  0.12/turn              x - ring of positive energy

@: agile, short of breath
A: breathe frost, unfitting armour, cold resistance 1, cold-blooded, AC +6
a: Breathe Frost


You were on level 5 of the Dungeon.
You were hungry.

You visited 1 branch of the dungeon, and saw 5 of its levels.

You collected 237 gold pieces.

Inventory:

Hand Weapons
 a - a +2 spear (weapon)
 d - a +0 dagger
Jewellery
 n - a +2 ring of dexterity
 x - a ring of positive energy (right hand)
 D - a ring of protection from magic (left hand)
Wands
 v - a wand of digging (9/24)
Scrolls
 c - 4 scrolls of teleportation
 j - a scroll of enchant armour {unknown}
 k - 2 scrolls of blinking {unknown}
 q - a scroll of amnesia {unknown}
 s - 2 scrolls of identify {unknown}
 t - 2 scrolls of enchant weapon {unknown}
 w - a scroll of remove curse {unknown}
 z - 2 scrolls of magic mapping {unknown}
 A - a scroll of fear {unknown}
Potions
 b - a potion of lignification
 e - 2 potions of degeneration {unknown}
 g - 2 potions of agility
 h - 3 potions of haste {unknown}
 m - 3 potions of curing {unknown}
 o - a potion of cancellation {unknown}
 r - a potion of might {unknown}
 B - a potion of heal wounds {unknown}
Books
 p - a book of Changes

   Spells                             Type                      Level
   a - Beastly Appendage              Transmutation                1
   b - Sticks to Snakes               Transmutation                2
   c - Spider Form                    Transmutation/Poison         3
   d - Ice Form                       Ice/Transmutation            4
   e - Blade Hands                    Transmutation                5
 y - a book of Misfortune

   Spells                             Type                      Level
   a - Confusing Touch                Hexes                        1
   b - Confuse                        Hexes                        3
   c - Gell's Gravitas                Translocation                3
   d - Petrify                        Transmutation/Earth          4
   e - Metabolic Englaciation         Hexes/Ice                    5
   f - Yara's Violent Unravelling     Hexes/Transmutation          5
Comestibles
 f - 4 bread rations
 i - 2 royal jellies
 l - 3 meat rations
 u - 6 fruits


   Skills:
 - Level 3.7 Fighting
   Level 1.0 Long Blades
 - Level 4.0 Polearms
 - Level 3.0 Dodging
 - Level 1.7 Stealth
   Level 1.0 Shields
 * Level 4.2 Unarmed Combat
 + Level 2.6 Spellcasting
 + Level 2.8 Transmutations


You had 8 spell levels left.
You knew the following spells:

 Your Spells              Type           Power        Failure   Level  Hunger
a - Spider Form           Tmut/Pois      #.........   36%         3    ###....


Dungeon Overview and Level Annotations

Branches:
Dungeon (5/15)
 Temple: D:4-7

Altars:
Gozag


Innate Abilities, Weirdness & Mutations

You can breathe waves of freezing cold.
You can buffet flying creatures when you breathe cold.
Your icy white scales are hard. (AC +6)
You cannot fit into any form of body armour.
Your flesh is cold resistant. (rC+)
You are cold-blooded and may be slowed by cold attacks.


Message History

You exhale a wave of freezing cold.
The freezing breath hits the gnoll.
The gnoll is severely wounded.
The freezing breath misses the gnoll.
You are feeling hungry.
The adder bites you but does no damage.
The gnoll hits you from afar with a spear!
The gnoll barely misses you. The gnoll closely misses you.
You take 7 damage, and have 18/58 hp.
The adder bites you but does no damage. The gnoll hits you with a club!
* * * LOW HITPOINT WARNING * * *
The adder closely misses you.
You take 10 damage, and have 8/58 hp.
The gnoll rages.
The gnoll hits you with a club.
* * * LOW HITPOINT WARNING * * *
You take 6 damage, and have 2/58 hp.
It was a potion of agility.
You feel agile all of a sudden.
The gnoll hits you from afar with a spear!
You die...

.###.###.# # #.# #.# ## ##.#.#
##.####.# #.### #. #####..##
#.....##.# #...# #.#
....#...###.##.#.##.# ####.###.##
.##..###>#.##....... #........>.
#...#####.# #..#.##.###.##.###.##
..........###.%#.##..[.........#
.##†#####....?...##.##.#.#####.##
.##.# #......#@.....###.# #...
....# ###?....gg###.##.#.#####.#.
.#### #........g.................
.# #.#.....gS..###..#######.#.
.######.##.....#..# #..# #...
........ ##...##..# #..# ###.
..#####. ##.## ..# #..# #. ......
#.# ..# #..# #. ..#### #.# ..#
#..# #.


You could see 4 gnolls and an adder.

Vanquished Creatures
  2 centaurs (D:5)
  A water moccasin zombie (D:5)
  2 scorpions (D:4)
  A howler monkey (D:5)
  A bullfrog skeleton (D:5)
  Jessica (D:2)
  Terence (D:3)
  An iguana (D:3)
  2 worker ants
  A worker ant zombie (D:5)
  4 adders
  An ooze (D:3)
  A worm (D:3)
  A dart slug (D:5)
  5 leopard geckos
  7 orcs
  A ball python (D:1)
  5 giant cockroaches
  8 goblins
  8 hobgoblins
  6 jackals (D:3)
  7 kobolds
  10 bats
  5 frilled lizards
  2 leopard gecko skeletons (D:4)
  11 rats
95 creatures vanquished.

Notes
Turn   | Place    | Note
-------+----------+-------------------------------------------
     0 | D:1      | namelastname112 the Draconian Wanderer began the quest for the Orb.
     0 | D:1      | namelastname112 set off with: a +2 spear, a potion of lignification, a scroll of teleportation, a +0 dagger, a bread ration
     0 | D:1      | Reached XP level 1. HP: 16/16 MP: 1/1
   334 | D:1      | Reached XP level 2. HP: 24/24 MP: 2/2
  1228 | D:2      | Noticed Jessica
  1233 | D:2      | Reached XP level 3. HP: 28/30 MP: 3/3
  1243 | D:2      | Killed Jessica
  1837 | D:2      | Reached XP level 4. HP: 36/38 MP: 4/4
  2212 | D:3      | Noticed Terence
  2237 | D:3      | Killed Terence
  2427 | D:3      | Learned a level 3 spell: Spider Form
  2472 | D:3      | Reached XP level 5. HP: 22/46 MP: 5/5
  2803 | D:3      | Found an opulent altar of Gozag.
  2855 | D:3      | Reached skill level 1 in Unarmed Combat
  3013 | D:3      | Reached skill level 1 in Transmutations
  3225 | D:4      | Reached skill level 1 in Spellcasting
  3579 | D:4      | Reached XP level 6. HP: 35/52 MP: 8/8
  4634 | D:5      | Entered Level 5 of the Dungeon
  4984 | D:5      | Your scales start taking on an icy white colour.
  4984 | D:5      | Reached XP level 7. HP: 55/58 MP: 10/10
  4984 | D:5      | Gained mutation: Your flesh is cold resistant. (rC+) [White Draconian growth]
  5121 | D:5      | HP: 2/58 [gnoll/club (6)]
  5122 | D:5      | Slain by a gnoll

Vault maps used:
D:1:      dpeg_arrival_arbitrary_b
D:2:      uniq_jessica
D:3:      overflow_temple_1_default, uniq_terence
D:5:      gammafunk_temple_overflow_statue, first_bread,
          minmay_misc_feat_ornament

Skill      XL: |  1  2  3  4  5  6  7 |
---------------+----------------------+-----
Fighting       | 2 3 |  3.7
Dodging        | 2 3 |  3.0
Unarmed Combat | 2 3 4 |  4.2
Transmutations | 1 2 |  2.8
Spellcasting   | 1 2 |  2.6
Long Blades    | |  1.0
Polearms       | |  4.0
Stealth        | |  1.7
Shields        | |  1.0

Action                   |  1- 3 |  4- 6 |  7- 9 || total
-------------------------+-------+-------+-------++-------
Melee: Spear             |   102 |   242 |    34 ||   378
       Tailslap          |     9 |    29 |     2 ||    40
       Punch             |       |     1 |       ||     1
 Abil: Breathe Frost     |       |       |     1 ||     1
  Use: Potion            |       |       |     1 ||     1
 Stab: Sleeping          |     6 |     6 |       ||    12
  Eat: Chunk             |     2 |     9 |       ||    11
       Royal jelly       |       |     1 |       ||     1
Armor: Skin              |    25 |    36 |    10 ||    71
Dodge: Dodged            |    38 |   119 |    26 ||   183
